 Dungeon Crawl Stone Soup version 0.32-a0-13-gbaedc5810e (webtiles) character file.

Game seed: 1566968347361163058

52 Essalna the Digger (level 3, -2/19 HPs)
             Began as a Gargoyle Earth Elementalist on Jan 15, 2024.
             Slain by an orc
             ... wielding a +2 whip of electrocution
              (4 damage)
             ... on level 2 of the Dungeon.
             The game lasted 00:02:26 (1894 turns).

Essalna the Digger (Gargoyle Earth Elementalist)    Turns: 1894, Time: 00:02:26

Health: -2/19      AC:  6    Str: 11    XL:     3   Next: 85%
Magic:  6/6        EV: 11    Int: 17    God:
Gold:   59         SH:  4    Dex: 10    Spells: 6/7 levels left

rFire   . . .        m - +3 whip
rCold   . . .        k - +0 buckler
rNeg    + . .        a - +0 robe
rPois   ∞            q - +0 helmet
rElec   +            (no cloak)
rCorr   .            (no gloves)
SInv    .            (no boots)
Will    .....        (no amulet)
Stlth   ++           (no ring)
HPRegen 0.23/turn    (no ring)
MPRegen 0.10/turn

%: no passive effects
@: very slightly contaminated
A: sickness immunity, AC +3, negative energy resistance 1, electricity
resistance, torment resistance 1, petrification resistance
a: no special abilities


You were on level 2 of the Dungeon.
You visited 1 branch of the dungeon, and saw 3 of its levels.

You collected 59 gold pieces.

Inventory:

Hand Weapons
 h - a +0 spear
 m - a +3 whip (weapon)
Armour
 a - a +0 robe (worn)
 k - a +0 buckler (worn)
 q - a +0 helmet (worn)
Scrolls
 c - 2 scrolls of revelation {unknown}
 f - 2 scrolls of teleportation {unknown}
 j - a scroll of fog {unknown}
 l - a scroll of noise {unknown}
 n - a scroll of vulnerability {unknown}
 o - a scroll of enchant weapon {unknown}
 p - a scroll of enchant armour {unknown}
Potions
 d - a potion of enlightenment {unknown}
 e - 2 potions of curing {unknown}
 g - a potion of cancellation {unknown}
 i - a potion of haste {unknown}


   Skills:
 - Level 1.5 Dodging
 - Level 2.1 Stealth
 + Level 1.5 Shields
 + Level 2.5 Spellcasting
 + Level 2.1 Conjurations
 + Level 4.2 Earth Magic


You had 6 spell levels left.
You knew the following spells:

 Your Spells              Type           Power      Damage    Failure   Level
a - Sandblast             Erth           32%        2d9       4%          1

Your spell library contained the following spells:

 Spells                   Type           Power      Damage    Failure   Level
 Passwall                 Erth           16%        N/A       14%         3
 Stone Arrow              Conj/Erth      26%        3d8       22%         3
 Apportation              Tloc           4%         N/A       26%         1
 Jinxbite                 Hex            4%         N/A       38%         2
 Brom's Barrelling Bould  Conj/Erth      13%        2d4       58%         4
 Petrify                  Alch/Erth      9%         N/A       75%         4
 Alistair's Intoxication  Alch           1%         N/A       100%        5


Dungeon Overview and Level Annotations

Branches:
Dungeon (3/15)

Altars:

Shops:
D:1 (


Innate Abilities, Weirdness & Mutations

You are immune to sickness and miasma.
Your stone body is resilient. (AC +3)
You are immune to poison.
You resist negative energy. (rN+)
You are resistant to electric shocks. (rElec)
You are resistant to unholy torment.
You are immune to petrification.


Message History

Aim: an orc, wielding a +2 whip of electrocution and wearing a +0 ring mail (84% to hit)
You miscast Sandblast.
You are very lightly contaminated with residual magic.
Nothing appears to happen.
The orc hits you with a +2 whip of electrocution.
Casting: Sandblast (safe; 4% risk of failure)
Confirm with . or Enter, or press ? or * to list all spells.
Aiming: Sandblast (safe; 4% risk of failure)
Press: ? - help, Shift-Dir - straight line, f/p - orc
Aim: an orc, wielding a +2 whip of electrocution and wearing a +0 ring mail (84% to hit)
The blast of sand hits the orc.
The orc is lightly wounded.
The orc barely misses you.
Casting: Sandblast (safe; 4% risk of failure)
Confirm with . or Enter, or press ? or * to list all spells.
Aiming: Sandblast (safe; 4% risk of failure)
Press: ? - help, Shift-Dir - straight line, f/p - orc
Aim: an orc, wielding a +2 whip of electrocution and wearing a +0 ring mail (lightly wounded, 84% to hit)
You miscast Sandblast.
Nothing appears to happen.
The orc hits you with a +2 whip of electrocution.
Casting: Sandblast (safe; 4% risk of failure)
Confirm with . or Enter, or press ? or * to list all spells.
You don't have enough magic to cast this spell.
Unknown command.
You hit the orc.
The orc is heavily wounded.
The orc hits you with a +2 whip of electrocution.
You hit the orc but do no damage.
The orc is heavily wounded.
The orc hits you but does no damage. The orc closely misses you.
You barely miss the orc.
The orc is heavily wounded.
The orc hits you but does no damage.
You barely miss the orc.
The orc is heavily wounded.
The orc hits you with a +2 whip of electrocution.
* * * LOW HITPOINT WARNING * * *
Magic courses through your body.
The orc hits you with a +2 whip of electrocution.
You die...

###..#.#.# ############
#....#.#.# #...........
#.#.##.#.#######%##########
#.#......#..†........######
#.###....#.###.#####.......
#.# ####.#.##..#..<#.......
#.# #.#.#..#............
#.######.#...##..........##
#...##...o@................
###.##.########....(.....##
###.........# #..........#
#......####.# #..........#
#......# #.# ############
#).....####.# ####
#......#....# #...
########'#### #... #...#
#...


You could see an orc.

Vanquished Creatures
  A gnoll (D:3)
  A ribbon worm (D:2)
  2 orcs (D:3)
  2 ball pythons
  3 endoplasms
  2 giant cockroaches
  2 goblins
  A hobgoblin (D:2)
  8 jackals
  A quokka (D:1)
  3 bats
  2 frilled lizards
  5 kobolds
  A rat (D:2)
34 creatures vanquished.

Notes
Turn   | Place    | Note
-------+----------+-------------------------------------------
     0 | D:1      | Essalna the Gargoyle Earth Elementalist began the quest for
                  | the Orb.
     0 | D:1      | Reached XP level 1. HP: 10/10 MP: 3/3
   259 | D:1      | Found Peihog's Weapon Shop.
   545 | D:1      | Reached XP level 2. HP: 15/15 MP: 3/5
   807 | D:2      | Reached skill level 4 in Earth Magic
  1026 | D:2      | Reached skill level 1 in Shields
  1142 | D:2      | Reached XP level 3. HP: 19/19 MP: 4/6
  1869 | D:3      | Noticed a kobold brigand
  1894 | D:2      | Slain by an orc

Illustrated notes

Levels and vault maps discovered:
D:1:      amcnicky_arrival_double_pillar, layout_loops_cross, serial_shops,
          nicolae_shop_bloodbath_and_beyond, chequers_decorated_corner
D:2:      layout_basic
D:3:      lemuel_castle_with_subvaults [lemuel_castle_interior_carwin_2],
          layout_basic, lemuel_tele_altar, basic_ecumenical_altar, uniq_pargi

Skill      XL: |  1  2  3 |
---------------+----------+-----
Earth Magic    | 4 |  4.2
Shields        | 1 |  1.5
Conjurations   | 2 |  2.1
Dodging        | |  1.5
Stealth        | |  2.1
Spellcasting   | |  2.5

Action                     || total
---------------------------++-------
  Melee: Spear             ||     8
         Whip              ||     4
   Cast: Sandblast         ||    46
    Use: Potion            ||     1
 Armour: Robe              ||    20
  Dodge: Dodged            ||    11
  Block: Buckler           ||     4

Table legend: (Time is in decaauts)
 A = Elapsed time spent in this place.
 B = Non-inter-level travel time spent in this place.
 C = Inter-level travel time spent in this place.
 D = Time resting spent in this place.
 E = Time spent auto-exploring this place.
 F = Levels seen in this place.
 G = Mean time per level.
                   A        B        C        D        E       F      G
               +--------+--------+--------+--------+--------+-----+--------+
         Total |   1917 |   1864 |     53 |      0 |   1648 |   3 |  639.0 |
       Dungeon |   1917 |   1864 |     53 |      0 |   1648 |   3 |  639.0 |
               +--------+--------+--------+--------+--------+-----+--------+

Top non-repeatable levels by time:
     D:2: 1100 daAuts
     D:1: 693 daAuts
     D:3: 123 daAuts
